 Dungeon Crawl Stone Soup version 0.30-a0-737-gf23d94013f (webtiles) character file.

Game seed: 14819908536552517018

110313 Ijustatesigmund the Eclecticist (level 16, -4/87 HPs)
             Began as a Deep Elf Conjurer on Jan 31, 2023.
             Was a High Priest of Vehumet.
             Slain by an eight-headed hydra (5 damage)
             ... on level 15 of the Dungeon on Feb 1, 2023.
             The game lasted 01:46:20 (29527 turns).

Ijustatesigmund the Eclecticist (DECj)             Turns: 29527, Time: 01:46:21

Health: -4/87      AC: 16    Str: 10    XL:     16   Next: 6%
Magic:  28/50      EV: 20    Int: 37    God:    Vehumet [*****.]
Gold:   540        SH: 12    Dex: 19    Spells: 4/54 levels left

rFire   . . .      SeeInvis .    v - +8 short sword of Midwinter {elec, Int+3 Dex+2}
rCold   + + .      Faith    .    l - +2 buckler "Zail" {rPois rC+ MP+9}
rNeg    . . .      Spirit   .    Q - +4 robe of Augmentation {Str+4 Int+4 Dex+4}
rPois   +          Reflect  +    h - +1 helmet
rElec   .          Harm     .    j - +1 cloak
rCorr   +          Rampage  .    a - +2 pair of gloves
Will    +....                    g - +2 pair of boots
Stlth   +++                      R - amulet of reflection
HPRegen 0.34/turn                G - +5 ring of evasion
MPRegen 0.32/turn                z - ring "Dojoohur" {Fly rPois rC+ rCorr}

@: radiating poison, spewing sludge, flying
A: no striking features
a: Renounce Religion


You were on level 15 of the Dungeon.
You worshipped Vehumet.
Vehumet was extremely pleased with you.
You visited 4 branches of the dungeon, and saw 23 of its levels.
You also visited: Volcano.

You collected 2574 gold pieces.
You spent 2034 gold pieces at shops.

Inventory:

Hand Weapons
 f - a +1 rapier
 o - the +3 rapier "Roanelas" {heavy, rC+}
   (You found it on level 7 of the Dungeon)

   rC:        It protects you from cold.
 v - the +8 short sword of Midwinter (weapon) {elec, Int+3 Dex+2}
   (You found it on level 4 of the Dungeon)

   Int:       It affects your intelligence (+3).
   Dex:       It affects your dexterity (+2).
 P - the +5 shortbow of the Extremes {flame, rElec rPois Will+}
   (You found it on level 11 of the Dungeon)

   rElec:     It insulates you from electricity.
   rPois:     It protects you from poison.
   Will:      It increases your willpower.
Missiles
 L - 5 throwing nets
Armour
 a - a +2 pair of gloves (worn)
 g - a +2 pair of boots (worn)
 h - a +1 helmet (worn)
 j - a +1 cloak (worn)
 l - the +2 buckler "Zail" (worn) {rPois rC+ MP+9}
   (You acquired it on level 2 of the Dungeon)

   rC:        It protects you from cold.
   rPois:     It protects you from poison.
   MP:        It affects your magic capacity (+9).
 y - the +1 robe of the Ward {rPois Archmagi}
   (You bought it in a shop on level 2 of the Orcish Mines)

   rPois:     It protects you from poison.
   Archmagi:  It increases the power of your magical spells.
 Q - the +4 robe of Augmentation (worn) {Str+4 Int+4 Dex+4}
   (You found it on level 2 of the Lair of Beasts)

   Str:       It affects your strength (+4).
   Int:       It affects your intelligence (+4).
   Dex:       It affects your dexterity (+4).
Magical Staves
 t - a staff of fire
Jewellery
 m - a ring of fire
 w - a ring of fire
 z - the ring "Dojoohur" (right hand) {Fly rPois rC+ rCorr}
   (You acquired it on level 5 of the Dungeon)

   [ring of resist corrosion]

   rC:        It protects you from cold.
   rPois:     It protects you from poison.
   Fly:       It grants you flight.
   rCorr:     It protects you from acid and corrosion.
 G - a +5 ring of evasion (left hand)
 I - a ring of flight
 N - a ring of wizardry
 R - an amulet of reflection (around neck)
Wands
 O - a wand of flame (6)
 T - a wand of iceblast (3)
 U - a wand of mindburst (2)
 V - a wand of acid (4)
 X - a wand of paralysis (5)
Scrolls
 d - 4 scrolls of brand weapon
 k - a scroll of immolation
 n - 11 scrolls of teleportation
 p - 6 scrolls of identify
 x - a scroll of magic mapping
 E - 2 scrolls of fear
 H - a scroll of poison
 J - 3 scrolls of silence
 M - a scroll of amnesia
 S - 2 scrolls of enchant weapon
 W - a scroll of enchant armour
Potions
 b - 4 potions of magic
 c - 4 potions of might
 e - a potion of invisibility
 i - 5 potions of haste
 q - 2 potions of mutation
 r - a potion of heal wounds
 s - 5 potions of flight
 u - 4 potions of attraction
 A - 3 potions of berserk rage
 B - 3 potions of brilliance
 C - 3 potions of ambrosia
 D - 3 potions of lignification
 F - 5 potions of curing
Miscellaneous
 K - a condenser vane


   Skills:
 - Level 5.2 Fighting
 - Level 4.7 Short Blades
 - Level 6.1 Dodging
 - Level 5.7 Stealth
 - Level 3.4 Shields
 - Level 19.6 Spellcasting
 - Level 11.5 Conjurations
 + Level 3.9 Summonings
 + Level 6.0 Necromancy
 - Level 3.4 Translocations
 - Level 9.0 Transmutations
 - Level 9.6 Fire Magic
 - Level 5.3 Ice Magic
 - Level 8.6 Earth Magic
 - Level 9.4 Poison Magic
 - Level 3.7 Evocations


You had 4 spell levels left.
You knew the following spells:

 Your Spells              Type           Power      Damage    Failure   Level
a - Magic Dart            Conj           100%       1d8       0%          1
b - Searing Ray           Conj           100%       2d8       0%          2
c - Iron Shot             Conj/Erth      42%        9d8       1%          6
d - Blink                 Tloc           100%       N/A       1%          2
e - Sticky Flame          Conj/Fire      86%        2d10      1%          4
f - Frozen Ramparts       Ice            100%       1d16      1%          3
g - Flame Wave            Conj/Fire      86%        2d18      1%          4
h - Olgreb's Toxic Radia  Pois           82%        N/A       1%          4
i - Ignite Poison         Fire/Tmut/Pois 81%        N/A       1%          3
j - Ozocubu's Armour      Ice            66%        N/A       1%          3
k - Eringya's Noxious Bo  Tmut/Pois      40%        N/A       1%          6
l - Borgnjor's Vile Clut  Necr/Erth      37%        N/A       1%          5
m - Spellforged Servitor  Conj/Summ      38%        N/A       11%         7

Your spell library contained the following spells:

 Spells                   Type           Power      Damage    Failure   Level
 Apportation              Tloc           100%       N/A       1%          1
 Beastly Appendage        Tmut           100%       N/A       1%          1
 Lesser Beckoning         Tloc           100%       N/A       1%          2
 Momentum Strike          Conj/Tloc      100%       3d10      1%          2
 Sublimation of Blood     Necr           69%        N/A       1%          2
 Wereblood                Tmut           80%        N/A       1%          2
 Dazzling Flash           Conj/Hex       100%       N/A       1%          3
 Spider Form              Tmut/Pois      81%        N/A       1%          3
 Fulminant Prism          Conj/Hex       34%        3d16      1%          4
 Iskenderun's Mystic Bla  Conj/Tloc      75%        2d15      1%          4
 Leda's Liquefaction      Hex/Erth       31%        N/A       1%          4
 Petrify                  Tmut/Erth      79%        N/A       1%          4
 Passage of Golubria      Tloc           58%        N/A       2%          4
 Tukima's Dance           Hex            36%        N/A       3%          3
 Alistair's Intoxication  Tmut/Pois      54%        N/A       1%          5
 Irradiate                Conj/Tmut      42%        3d25      1%          5
 Lee's Rapid Deconstruct  Erth           39%        3d19*     1%          5
 Yara's Violent Unravell  Hex/Tmut       31%        3d13      1%          5
 Statue Form              Tmut/Erth      52%        N/A       4%          6
 Metabolic Englaciation   Hex/Ice        27%        N/A       10%         5
 Simulacrum               Ice/Necr       34%        N/A       16%         6
 Ignition                 Fire           41%        3d12      32%         8
 Necromutation            Tmut/Necr      37%        N/A       97%         8
 Borgnjor's Revivificati  Necr           34%        N/A       99%         8
 Death's Door             Necr           34%        N/A       100%        9


Dungeon Overview and Level Annotations

Branches:
Dungeon (14/15)            Temple (1/1) D:5            Lair (5/5) D:9
  Swamp (0/4) Lair:3        Snake (0/4) Lair:2        Slime (0/5) Lair:5
    Orc (2/2) D:11            Elf (0/3) Orc:2        Vaults (0/5) D:13
Volcano (visited)

Altars:
Ashenzari
Cheibriados
Dithmenos
Elyvilon
Fedhas
Gozag
Hepliaklqana
Kikubaaqudgha
Makhleb
Nemelex Xobeh
Okawaru
Qazlal
Ru
Sif Muna
Trog
Uskayaw
Vehumet
Wu Jian
Xom
Yredelemnul
Zin
The Shining One
Jiyva

Shops:
Orc:2 [:(*

Annotations:
D:6 1 runed translucent door, vilexx's ghost, novice GrEE
D:7 2 runed translucent doors
D:13 2 transporters, bezhaha's ghost, journeyman OgRe


Message History

A wave of flame ripples out!
The flame wave engulfs the freezing wraith but does no damage.
The freezing wraith is heavily damaged. (Press . to intensify the flame waves.)
You are engulfed in blazing flames.
You hear a shout! x2; You hear a deafening roar! x2; You hear a shout!
The freezing wraith is engulfed in a cloud of scalding steam.
The freezing wraith hits you but does no damage.
The freezing wraith barely misses you.
The eight-headed hydra festers in the toxic bog!
The eight-headed hydra looks as sick as possible!
The eight-headed hydra festers in the toxic bog!
The eight-headed hydra looks as sick as possible!
A wave of flame ripples out!
The flame wave engulfs the freezing wraith!!
The freezing wraith is burned terribly!
The freezing wraith is almost destroyed.
The flame wave engulfs the eight-headed hydra!!
The eight-headed hydra is heavily wounded.
You are engulfed in blazing flames.
* * * LOW HITPOINT WARNING * * *
You hear a howl!
The freezing wraith is engulfed in a cloud of scalding steam.
You destroy the freezing wraith!
Vehumet accepts your kill.
You feel your power returning.
The eight-headed hydra is engulfed in a cloud of scalding steam.
The eight-headed hydra festers in the toxic bog.
The eight-headed hydra looks as sick as possible!
You block the eight-headed hydra's attack.
The eight-headed hydra bites you!
* * * LOW HITPOINT WARNING * * *
The eight-headed hydra barely misses you.
The eight-headed hydra closely misses you.
The eight-headed hydra bites you.
* * * LOW HITPOINT WARNING * * *
The eight-headed hydra bites you.
* * * LOW HITPOINT WARNING * * *
The eight-headed hydra misses you. The eight-headed hydra bites you.
You die...

...P . #.... ..
#..... ...##
#.....P
.....###...~...
#..~~.#.§§~....
.......§D°.#
#.@§§#
##........
.###..... ..
##.. .(. . ..8.
#.... #.##.


You could see an eight-headed hydra (extremely poisoned).

Vanquished Creatures
  Rupert (Lair:4)
  Gastronok (D:8)
  An orc warlord (Orc:2)
  A vault guard (D:13)
  An ogre mage (Orc:1)
  5 hydras
  Fannar (Orc:1)
  Erica (D:8)
  2 boulder beetles
  3 centaur warriors
  8 two-headed ogres
  4 death yaks (Lair:3)
  A tengu warrior (D:13)
  2 orc high priests (Orc:2)
  Nergalle (Lair:2)
  3 skeletal warriors
  A goliath frog (Lair:5)
  Lodul (D:11)
  A deep elf archer (Volcano)
  4 orc knights (Orc:2)
  11 deep elf pyromancers
  A necromancer (Lair:3)
  3 orc sorcerers (Orc:2)
  An ugly thing (D:12)
  2 cyclopes
  A salamander (Lair:2)
  17 elephants
  Maurice (D:8)
  9 black mambas
  A gargoyle (D:10)
  Maggie (D:8)
  A rime drake (Lair:2)
  16 cane toads
  An efreet (D:12)
  9 komodo dragons
  A kobold demonologist (D:9)
  A freezing wraith (D:15)
  A tengu conjurer (D:14)
  A polar bear (Lair:5)
  A meliai (D:13)
  4 tyrant leeches
  5 trolls
  A hornet (D:5)
  Prince Ribbit (D:8)
  7 dream sheep (Lair:5)
  3 slime creatures
  21 blink frogs
  Sigmund (D:5)
  2 wraiths
  2 shadows
  5 wyverns
  6 fire elementals (Volcano)
  7 basilisks
  40 yaks
  2 steam dragons
  6 wargs
  11 vampire mosquitoes
  4 swamp worms (Lair:3)
  2 hell hounds (Volcano)
  5 acid dragons
  14 water moccasins
  2 black bears
  32 orc warriors
  A sky beast (D:7)
  3 wolves (Lair:1)
  19 ogres
  3 elephant zombies (Lair:3)
  7 centaurs
  A phantom (D:6)
  A kobold brigand (D:10)
  A komodo dragon zombie (Lair:3)
  Blork the orc (Orc:2)
  2 gnoll sergeants
  4 necrophages
  17 bullfrogs
  17 wights
  10 killer bees
  4 electric eels
  A howler monkey (D:11)
  7 lava snakes
  A jelly (D:5)
  19 orc priests
  Crazy Yiuf (D:2)
  A gnoll bouda (D:7)
  6 hell rats (Lair:5)
  28 orc wizards
  2 iguanas
  23 gnolls
  10 adders
  A shadow imp (D:6)
  2 white imps (D:7)
  2 dart slugs
  63 orcs
  6 bats
  4 endoplasms
  3 goblins
  6 hobgoblins
  13 jackals
  4 quokkas
  7 ball pythons
  2 frilled lizards
  6 kobolds
  4 rats
  A spectral orc (D:8)
620 creatures vanquished.

Vanquished Creatures (collateral kills)
  2 endoplasms (D:4)
2 creatures vanquished.

Vanquished Creatures (others)
  12 fungi
  79 plants
  3 withered plants (Lair:2)
94 creatures vanquished.

Grand Total: 716 creatures vanquished

Notes
Turn   | Place    | Note
-------+----------+-------------------------------------------
     0 | D:1      | Ijustatesigmund the Deep Elf Conjurer began the quest for
                  | the Orb.
     0 | D:1      | Reached XP level 1. HP: 10/10 MP: 6/6
   102 | D:1      | You fall into a shaft and drop 1 floor!
   275 | D:2      | Reached XP level 2. HP: 15/15 MP: 4/8
   278 | D:2      | Learned a level 2 spell: Searing Ray
   747 | D:1      | Reached skill level 4 in Spellcasting
   786 | D:1      | Reached skill level 5 in Conjurations
   786 | D:1      | Reached XP level 3. HP: 19/19 MP: 4/10
  1441 | D:2      | Learned a level 2 spell: Momentum Strike
  1444 | D:2      | Learned a level 2 spell: Blink
  1637 | D:2      | Found a runed translucent door.
  1638 | D:2      | Noticed Crazy Yiuf
  1690 | D:2      | Identified a scroll of acquirement
  1690 | D:2      | Acquired the +2 buckler "Zail" {rPois rC+ MP+9}
  1945 | D:2      | Reached XP level 4. HP: 24/24 MP: 12/12
  2545 | D:3      | Reached skill level 1 in Translocations
  3008 | D:4      | Found a hazy altar of Hepliaklqana.
  3261 | D:4      | Reached skill level 1 in Shields
  3261 | D:4      | Reached XP level 5. HP: 28/28 MP: 14/14
  3268 | D:4      | Reached skill level 5 in Spellcasting
  3522 | D:4      | Identified the +8 short sword of Midwinter {elec, Int+3
                  | Dex+2}
  3602 | D:4      | Reached XP level 6. HP: 32/32 MP: 16/16
  3985 | D:4      | Found a sacrificial altar of Ru.
  4514 | D:2      | Killed Crazy Yiuf
  4651 | D:5      | Entered Level 5 of the Dungeon
  4661 | D:5      | Reached skill level 6 in Spellcasting
  4731 | D:5      | Reached XP level 7. HP: 36/36 MP: 18/18
  4781 | D:5      | Acquired the ring "Dojoohur" {Fly rPois rC+ rCorr}
  4893 | D:5      | Noticed a hornet
  4901 | D:5      | Killed a hornet
  4902 | D:5      | Reached skill level 1 in Fighting
  4902 | D:5      | Reached skill level 1 in Short Blades
  5105 | D:5      | Found a staircase to the Ecumenical Temple.
  5126 | Temple   | Entered the Ecumenical Temple
  5147 | Temple   | Became a worshipper of Vehumet
  5204 | D:5      | Noticed Sigmund
  5330 | D:5      | Killed Sigmund
  5331 | D:5      | Reached XP level 8. HP: 45/45 MP: 19/19
  5529 | D:5      | Found a sparkling altar of Nemelex Xobeh.
  5749 | D:5      | Reached skill level 5 in Dodging
  5811 | D:6      | Noticed vilexx's ghost (novice GrEE)
  5811 | D:6      | Found a runed translucent door.
  5811 | D:6      | Found a shimmering altar of Xom.
  5827 | D:6      | Learned a level 4 spell: Sticky Flame
  5873 | D:6      | Reached skill level 1 in Fire Magic
  6089 | D:6      | Noticed a +5 trident of chaos
  6255 | D:6      | Reached * piety under Vehumet
  6255 | D:6      | Offered knowledge of Foxfire by Vehumet.
  6256 | D:6      | Reached skill level 7 in Spellcasting
  6285 | D:6      | Found an ancient bone altar of Kikubaaqudgha.
  6308 | D:6      | Found a broken altar of Ashenzari.
  7048 | D:6      | Reached XP level 9. HP: 47/50 MP: 22/22
  7154 | D:7      | Found a large runed translucent door.
  7154 | D:7      | Found a large runed translucent door.
  7161 | D:7      | Noticed a two-headed ogre
  7270 | D:7      | Reached skill level 8 in Spellcasting
  7432 | D:7      | Identified the +3 rapier "Roanelas" {heavy, rC+}
  7461 | D:7      | Found a large runed translucent door.
  7461 | D:7      | Found a large runed translucent door.
  7500 | D:7      | Reached skill level 5 in Fire Magic
  7753 | D:7      | Reached skill level 9 in Spellcasting
  8197 | D:7      | Found a white marble altar of Elyvilon.
  8528 | D:7      | Found an iron altar of Okawaru.
  8528 | D:7      | Found a bloodstained altar of Trog.
  8612 | D:7      | Found a glowing golden altar of the Shining One.
  8764 | D:8      | Reached XP level 10. HP: 41/56 MP: 17/25
  8840 | D:8      | Reached skill level 10 in Spellcasting
  8909 | D:8      | Reached ** piety under Vehumet
  8911 | D:8      | Offered knowledge of Scorch by Vehumet.
  9083 | D:8      | Noticed Prince Ribbit
  9100 | D:8      | Killed Prince Ribbit
  9316 | D:8      | Noticed Maggie
  9327 | D:8      | Killed Maggie
  9549 | D:8      | Noticed Gastronok
  9554 | D:8      | Noticed Erica
  9556 | D:8      | Noticed Maurice
  9567 | D:8      | Killed Erica
  9568 | D:8      | Reached skill level 1 in Evocations
  9571 | D:8      | Killed Maurice
  9572 | D:8      | Reached skill level 11 in Spellcasting
  9572 | D:8      | Reached skill level 10 in Conjurations
  9771 | D:8      | Found a basalt altar of Yredelemnul.
  9851 | D:8      | Found a glowing silver altar of Zin.
  9851 | D:8      | Found an opulent altar of Gozag.
 10152 | D:8      | Killed Gastronok
 10152 | D:8      | Offered knowledge of Frozen Ramparts by Vehumet.
 10224 | D:8      | Learned a level 3 spell: Frozen Ramparts
 10329 | D:9      | Reached skill level 1 in Ice Magic
 10456 | D:8      | Reached XP level 11. HP: 59/60 MP: 28/28
 10703 | D:9      | Found a staircase to the Lair.
 10780 | D:9      | Reached *** piety under Vehumet
 10969 | D:9      | Reached skill level 5 in Ice Magic
 11365 | D:7      | Killed a two-headed ogre
 11506 | D:7      | Identified the +2 pair of boots of Gravitas {-Cast Rampage
                  | *Corrode Regen+}
 11582 | D:10     | Entered Level 10 of the Dungeon
 11603 | D:10     | Found a shimmering blue altar of Sif Muna.
 11657 | D:10     | Got Sif Muna's Atlas of the Singularity
 11686 | D:10     | Noticed a two-headed ogre
 11697 | D:10     | Killed a two-headed ogre
 11861 | D:10     | Offered knowledge of Flame Wave by Vehumet.
 11905 | D:10     | Learned a level 4 spell: Flame Wave
 12054 | D:10     | Found a burning altar of Makhleb.
 12099 | D:10     | Reached skill level 12 in Spellcasting
 12402 | D:11     | Found a staircase to the Orcish Mines.
 12413 | D:11     | Identified the +5 shortbow of the Extremes {flame, rElec
                  | rPois Will+}
 12494 | D:11     | Noticed Lodul
 12651 | D:10     | Reached **** piety under Vehumet
 13679 | D:11     | Killed Lodul
 13741 | D:11     | Reached XP level 12. HP: 66/66 MP: 30/30
 13953 | D:11     | Offered knowledge of Olgreb's Toxic Radiance by Vehumet.
 13954 | D:11     | Reached skill level 13 in Spellcasting
 13997 | D:11     | Learned a level 4 spell: Olgreb's Toxic Radiance
 14165 | D:11     | Reached skill level 1 in Poison Magic
 16041 | D:12     | Learned a level 3 spell: Ignite Poison
 16077 | D:13     | Reached skill level 14 in Spellcasting
 16077 | D:13     | Reached skill level 1 in Transmutations
 16297 | D:13     | Found the +8 storm bow {elec, penet}
 16322 | D:13     | Found a transporter.
 16325 | D:13     | Noticed a death knight
 16491 | D:11     | Noticed a two-headed ogre
 16497 | D:11     | Killed a two-headed ogre
 16576 | Lair:1   | Entered Level 1 of the Lair of Beasts
 16707 | Lair:1   | Upgraded the game from 0.30-a0-728-gc68057be0a to
                  | 0.30-a0-737-gf23d94013f
 16711 | Lair:1   | Learned a level 3 spell: Ozocubu's Armour
 17350 | Lair:1   | Reached skill level 15 in Spellcasting
 17383 | Lair:1   | Reached skill level 5 in Stealth
 17383 | Lair:1   | Reached skill level 5 in Transmutations
 17428 | Lair:1   | Noticed a boulder beetle
 17447 | Lair:1   | Killed a boulder beetle
 17720 | Lair:1   | Reached ***** piety under Vehumet
 17720 | Lair:1   | Offered knowledge of Eringya's Noxious Bog by Vehumet.
 17731 | Lair:1   | Reached XP level 13. HP: 55/70 MP: 34/34
 17738 | Lair:1   | Learned a level 6 spell: Eringya's Noxious Bog
 18349 | Lair:2   | Reached skill level 5 in Poison Magic
 18626 | Lair:2   | Found the +4 robe of Augmentation {Str+4 Int+4 Dex+4}
 18834 | Lair:2   | Noticed Nergalle
 18842 | Lair:2   | Killed Nergalle
 19061 | Lair:2   | Found a staircase to the Snake Pit.
 19378 | Lair:2   | Reached skill level 16 in Spellcasting
 21097 | Lair:3   | Found the +8 orange crystal plate armour {Archmagi, Int+3
                  | Clar}
 21213 | Lair:3   | Found a stormy altar of Qazlal.
 21581 | Lair:3   | Found a staircase to the Swamp.
 21691 | Lair:4   | Found a dark tunnel.
 21700 | Volcano  | Entered a volcano
 21867 | Volcano  | Reached skill level 17 in Spellcasting
 21954 | Lair:4   | Reached skill level 5 in Fighting
 21954 | Lair:4   | Reached XP level 14. HP: 78/78 MP: 37/37
 22190 | Lair:4   | Identified the +2 sling of Ohysoism {elec, rPois Int+3}
 22224 | Lair:4   | Noticed Rupert
 22234 | Lair:4   | Killed Rupert
 22235 | Lair:4   | Reached XP level 15. HP: 50/82 MP: 31/38
 22406 | Lair:4   | Offered knowledge of Iron Shot by Vehumet.
 22544 | Lair:4   | Learned a level 6 spell: Iron Shot
 22757 | Lair:4   | Reached skill level 1 in Earth Magic
 23031 | Lair:5   | Entered Level 5 of the Lair of Beasts
 23456 | Lair:5   | Reached skill level 18 in Spellcasting
 23508 | Lair:5   | Reached skill level 5 in Earth Magic
 24137 | Lair:5   | Found a viscous altar of Jiyva.
 24137 | Lair:5   | Found a staircase to the Slime Pits.
 24366 | Lair:5   | Identified the +6 chain mail of Reason {-Tele Will+ rCorr}
 24367 | Lair:5   | Identified the +3 plate armour "Juaghitt" {Int+2}
 24777 | Orc:1    | Entered Level 1 of the Orcish Mines
 24839 | Orc:2    | Entered Level 2 of the Orcish Mines
 24993 | Orc:1    | Offered knowledge of Arcjolt by Vehumet.
 24998 | Orc:1    | Reached skill level 19 in Spellcasting
 25198 | Orc:1    | Noticed Fannar
 25202 | Orc:1    | Killed Fannar
 26068 | Orc:2    | Noticed Blork the orc
 26079 | Orc:2    | Killed Blork the orc
 26404 | Orc:2    | Found Fugimmua's Antique Armour Boutique.
 26416 | Orc:2    | Found Pedosikh's Antique Weapon Boutique.
 26427 | Orc:2    | Bought a pair of embroidered gloves for 240 gold pieces
 26427 | Orc:2    | Bought a fine robe for 182 gold pieces
 26427 | Orc:2    | Identified the +1 robe of the Ward {rPois Archmagi} (You
                  | bought it in a shop on level 2 of the Orcish Mines)
 26463 | Orc:2    | Found Uthu's General Store.
 26546 | Orc:2    | Found Erruczo's Book Boutique.
 26552 | Orc:2    | Bought Great Wizards, Vol. VII for 390 gold pieces
 26552 | Orc:2    | Bought Great Wizards, Vol. II for 494 gold pieces
 26552 | Orc:2    | Bought a Necronomicon for 728 gold pieces
 26558 | Orc:2    | Learned a level 5 spell: Borgnjor's Vile Clutch
 26562 | Orc:2    | Found a staircase to the Elven Halls.
 26628 | Orc:2    | Reached skill level 1 in Necromancy
 27050 | Orc:2    | Found a radiant altar of Vehumet.
 27392 | D:13     | Offered knowledge of Spellforged Servitor by Vehumet.
 27537 | D:13     | Learned a level 7 spell: Spellforged Servitor
 27695 | D:13     | Reached skill level 1 in Summonings
 27828 | D:13     | Reached skill level 5 in Necromancy
 28093 | D:13     | Reached XP level 16. HP: 79/87 MP: 32/41
 28227 | D:13     | Found a transporter.
 28333 | D:13     | Found a gate to the Vaults.
 28429 | D:13     | Noticed bezhaha's ghost (journeyman OgRe)
 29519 | D:15     | Entered Level 15 of the Dungeon
 29527 | D:15     | HP: 4/87 [eight-headed hydra (3)]
 29527 | D:15     | HP: 1/87 [eight-headed hydra (3)]
 29527 | D:15     | Slain by an eight-headed hydra

Illustrated notes

Levels and vault maps discovered:
D:1:      tarquinn_simple_flora_water_e, layout_basic
D:2:      layout_rooms, serial_curves, eino_curves_03, eino_curves_03,
          eino_curves_04, minmay_misc_feat_five, uniq_crazy_yiuf_cottage
D:3:      minmay_wonky_spiral, layout_basic, chequers_serial_rivers_small_b,
          nrook_campfire, amethyst_killhole, minmay_stone_trees_small
D:4:      layout_gridville, nicolae_ru_great_annihilating_truth,
          lemuel_tele_altar
D:5:      layout_basic, nemelex_spade_bored_becter, minmay_temple_entry_trees,
          uniq_sigmund
D:6:      minmay_inner_zag, layout_rooms, kennysheep_mini,
          cheibrodos_ashenzari_chains, ebering_ghost_xom, minmay_door_square
D:7:      layout_rooms, grunt_temple_overflow_bloody_war, tso_oasis_becter,
          elyvilon_altar_3, minmay_hollow_rounded_squares
D:8:      layout_basic, grunt_temple_overflow_gold_and_silver,
          yredelemnul_forgotten_temple_becter, uniq_maggie, uniq_maurice,
          uniq_erica, uniq_prince_ribbit1, uniq_gastronok
D:9:      layout_big_octagon, david_lair_generic
D:10:     layout_rooms, led_sif_book, kennysheep_mini_moat, chequers_garden
D:11:     layout_irregular_city, minmay_orc_entry_guard_dogs,
          serial_column_ruins, column_ruins_hut, column_ruins_hut,
          column_ruins_columns_straight, column_ruins_open_small,
          column_ruins_corridor_straight, column_ruins_open_tiny,
          column_ruins_grid_1, uniq_lodul
D:12:     layout_basic
D:13:     layout_irregular_city, david_vaults_5, gammafunk_ghost_mausoleum
D:14:     layout_long_grid, kennysheep_big_empty_room
D:15:     grunt_enter_depths_hoard, layout_cave_pools,
          nicolae_dithmenos_through_a_glass_darkly, minmay_misc_feat_plants
Temple:   hellmonk_temple_rainy
Lair:1:   layout_big_grid, grunt_megastairs_3, serial_bayou_shore_b,
          infiniplex_staircase_pool
Lair:2:   layout_regular_city, nicolae_snake_entry_warm_welcome,
          pdpol_lair_neglected_garden, st_stairs_5, grunt_megastairs_4,
          serial_bayou_shore_a, lemuel_fruit_tree, uniq_nergalle
Lair:3:   pond_and_an_island_with_a_cottage, layout_gridlike,
          palyth_hydra_swamp_entry, basic_altar
Lair:4:   layout_loops_ring, serial_bayou, serial_bayou_pond_c,
          serial_bayou_shore_b, serial_bayou_shore_b, serial_bayou_pond_e,
          enter_volcano_1, uniq_rupert
Lair:5:   minmay_lair_end_frog_pond, layout_gridlike, slime_entry_1,
          infiniplex_staircase_pool_2
Orc:1:    nicolae_orc_accident_1, layout_diamond_mine, uniq_fannar
Orc:2:    grunt_orc_cross, layout_diamond_mine, basic_altar

Skill      XL: |  1  2  3  4  5  6  7  8  9 10 11 12 13 14 15 16 |
---------------+-------------------------------------------------+-----
Spellcasting   | 4 5 6 7 9 11 12 15 17 19 | 19.6
Conjurations   | 5 6 7 9 10 11 | 11.5
Translocations | 1 2 3 |  3.4
Shields        | 1 2 3 |  3.4
Fighting       | 2 3 5 |  5.2
Short Blades   | 2 3 4 |  4.7
Dodging        | 4 5 6 |  6.1
Fire Magic     | 3 6 8 9 |  9.6
Evocations     | 3 |  3.7
Ice Magic      | 2 5 |  5.3
Poison Magic   | 4 9 |  9.4
Transmutations | 5 8 9 |  9.0
Stealth        | 5 |  5.7
Earth Magic    | 8 |  8.6
Necromancy     | 5 6 |  6.0
Summonings     | 2 3 |  3.9

Action                     |  1- 3 |  4- 6 |  7- 9 | 10-12 | 13-15 | 16-18 || total
---------------------------+-------+-------+-------+-------+-------+-------++-------
  Melee: Short sword       |       |     7 |    25 |    74 |   272 |     1 ||   379
   Cast: Magic Dart        |    71 |    55 |    96 |   192 |   106 |       ||   520
         Searing Ray       |     1 |     8 |    33 |   109 |    17 |       ||   168
         Momentum Strike   |       |    11 |    27 |    53 |     5 |       ||    96
         Blink             |       |       |     3 |     5 |       |       ||     8
         Sticky Flame      |       |       |       |    12 |    10 |     1 ||    23
         Flame Wave        |       |       |       |    11 |     5 |     1 ||    17
         Frozen Ramparts   |       |       |       |    12 |    15 |     1 ||    28
         Olgreb's Toxic Ra |       |       |       |    20 |   109 |    14 ||   143
         Ignite Poison     |       |       |       |    14 |    75 |     7 ||    96
         Eringya's Noxious |       |       |       |       |    29 |     3 ||    32
         Ozocubu's Armour  |       |       |       |       |     2 |       ||     2
         Iron Shot         |       |       |       |       |    38 |     4 ||    42
  Evoke: Wand              |       |       |       |    15 |     3 |       ||    18
         Condenser vane    |       |       |       |     1 |       |       ||     1
    Use: Scroll            |     5 |     7 |     9 |    12 |     7 |       ||    40
         Potion            |       |       |     3 |     4 |     2 |       ||     9
   Stab: Sleeping          |       |       |     1 |       |     7 |       ||     8
         Distracted        |       |       |       |       |     1 |       ||     1
 Armour: Robe              |       |     2 |     6 |       |    61 |     3 ||    72
         Steam dragon scal |       |       |    42 |    58 |    15 |       ||   115
  Dodge: Dodged            |     6 |    13 |    64 |   185 |   220 |    11 ||   499
  Block: Buckler           |       |       |    47 |    96 |   146 |     9 ||   298
         Reflection        |       |       |       |       |       |     5 ||     5

Table legend: (Time is in decaauts)
 A = Elapsed time spent in this place.
 B = Non-inter-level travel time spent in this place.
 C = Inter-level travel time spent in this place.
 D = Time resting spent in this place.
 E = Time spent auto-exploring this place.
 F = Levels seen in this place.
 G = Mean time per level.
                   A        B        C        D        E       F      G
               +--------+--------+--------+--------+--------+-----+--------+
         Total |  29520 |  27996 |   1524 |  10361 |  13868 |  24 | 1230.0 |
       Dungeon |  18820 |  17696 |   1124 |   6945 |   8602 |  15 | 1254.7 |
        Temple |    146 |    138 |      8 |     28 |     13 |   1 |  146.0 |
          Lair |   7876 |   7562 |    314 |   2518 |   4034 |   5 | 1575.2 |
  Orcish Mines |   2432 |   2356 |     76 |    827 |   1155 |   2 | 1216.0 |
       Volcano |    245 |    245 |      0 |     43 |     64 |   1 |  245.0 |
               +--------+--------+--------+--------+--------+-----+--------+

Top non-repeatable levels by time:
     D:8: 1980 daAuts
     D:7: 1779 daAuts
  Lair:3: 1734 daAuts
  Lair:1: 1714 daAuts
  Lair:2: 1710 daAuts
    D:10: 1699 daAuts
    D:12: 1660 daAuts
   Orc:2: 1595 daAuts
  Lair:5: 1571 daAuts
     D:4: 1493 daAuts
     D:6: 1328 daAuts
     D:2: 1309 daAuts
    D:11: 1290 daAuts
    D:13: 1244 daAuts
  Lair:4: 1145 daAuts
